 Dungeon Crawl Stone Soup version 0.16.1-28-gcc2312f (webtiles) character file.

50 Kidiri the Caller (level 3, 0/19 HPs)
             Began as a Deep Elf Summoner on May 29, 2015.
             Slain by an adder (1 damage)
             ... on level 2 of the Dungeon.
             The game lasted 00:08:12 (2097 turns).

Kidiri the Caller (Deep Elf Summoner)               Turns: 2097, Time: 00:08:12

Health: 0/19       AC:  3    Str:  5    XL:     3   Next: 55%
Magic:  12/12      EV: 12    Int: 20    God:
Gold:   42         SH:  0    Dex: 15    Spells: 3 memorised, 5 levels left

rFire  . . .     SeeInvis .     d - +0 dagger
rCold  . . .     Clarity  .     f - +0 leather armour
rNeg   . . .     SustAb   .     (no shield)
rPois  .         Gourm    .     (no helmet)
rElec  .         Spirit   .     (no cloak)
rCorr  .         Warding  .     (no gloves)
rMut   .         Stasis   .     (no boots)
MR     .....                    (no amulet)
Stlth  ++........               (no ring)
                                (no ring)

@: lethally poisoned (0 -> -6), not resistant to hostile enchantments,
unstealthy
A: no striking features
a: no special abilities


You were on level 2 of the Dungeon.
You were not hungry.

You visited 1 branch of the dungeon, and saw 2 of its levels.

You collected 42 gold pieces.

Inventory:

Hand weapons
 d - a +0 dagger (weapon)
Armour
 a - a +0 robe
 f - a +0 leather armour (worn)
Jewellery
 e - an uncursed amulet of rage
 i - an uncursed amulet of guardian spirit
Magical devices
 m - a wand of teleportation (6)
 p - a wand of slowing (15)
Scrolls
 j - 4 scrolls of identify {unknown}
 o - a scroll of enchant weapon {unknown}
Potions
 g - 2 potions of curing {unknown}
 h - a potion of lignification {unknown}
 k - a potion of might {unknown}
 n - a potion of restore abilities {unknown}
 q - a potion of heal wounds {unknown}
Books
 b - a book of Callings

   Spells                             Type                      Level
   a - Summon Small Mammal            Summoning                    1
   b - Call Imp                       Summoning                    2
   c - Call Canine Familiar           Summoning                    3
   d - Summon Guardian Golem          Hexes/Summoning              4
   e - Summon Lightning Spire         Summoning/Air                4
   f - Summon Ice Beast               Ice/Summoning                4
Comestibles
 c - 2 bread rations


   Skills:
 - Level 2.4 Dodging
 - Level 2.4 Stealth
 * Level 4.5 Spellcasting
 * Level 5.0 Summonings


You had 5 spell levels left.
You knew the following spells:

 Your Spells              Type           Power        Failure   Level  Hunger
a - Summon Small Mammal   Summ           ###.         2%          1    None
b - Call Imp              Summ           ###.....     4%          2    #......
c - Call Canine Familiar  Summ           ###.....     10%         3    ##.....


Dungeon Overview and Level Annotations

Branches:
Dungeon (2/15)

Altars:


Message History

Your hound closely misses the adder.
The adder bites your hound.
Your hound is poisoned.
The adder poisons your hound!
Your hound bites the adder.
The adder closely misses your hound.
Your hound bites the adder.
The adder misses your hound.
Your hound bites the adder.
The adder bites your hound.
Your hound looks even sicker.
The adder poisons your hound!
Your hound bites the adder.
The adder bites your hound.
Your hound barely misses the adder.
Your hound dies!
Your hound's corpse disappears in a puff of smoke!
The adder bites you.
* * * LOW HITPOINT WARNING * * *
The adder bites you.
* * * LOW HITPOINT WARNING * * *
You are lethally poisoned!
The adder poisons you!
* * * LOW HITPOINT WARNING * * *
You feel sick. The adder bites you.
You die...

### ### #.. ..# #.#
#.# #####.####.#
########
......#....#
#.@S...#
........#..#
#.####.#
.####.<....####.####
....#.###..........#
.##.#.# #######)##.#
......## #.# #
..)....###### #..
............# ####
............#


You could see an adder.

Vanquished Creatures
  A worm (D:2)
  A giant gecko (D:1)
  3 bats
  A hobgoblin (D:1)
  2 giant newts
  A kobold (D:2)
  3 rats
12 creatures vanquished.

Vanquished Creatures (collateral kills)
  2 adders (D:2)
  A ball python (D:2)
  3 bats
  4 giant cockroaches
  11 hobgoblins
  5 giant newts
  3 goblins
  2 kobolds (D:2)
  5 rats
36 creatures vanquished.

Vanquished Creatures (others)
  2 hounds (D:2)
  4 quokkas (D:1)
6 creatures vanquished.

Grand Total: 54 creatures vanquished

Notes
Turn   | Place    | Note
--------------------------------------------------------------
     0 | D:1      | Kidiri, the Deep Elf Summoner, began the quest for the Orb.
     0 | D:1      | Reached XP level 1. HP: 10/10 MP: 5/5
     0 | D:1      | Noticed a large abomination
     0 | D:1      | Noticed a large abomination
     3 | D:1      | Noticed a large abomination
     3 | D:1      | Noticed a white draconian
     6 | D:1      | Noticed an iron dragon
    10 | D:1      | Noticed a shadow dragon
    10 | D:1      | Noticed an iron dragon
    12 | D:1      | Noticed a tentacled monstrosity
    13 | D:1      | Noticed an iron dragon
    14 | D:1      | Noticed an iron dragon
    14 | D:1      | Noticed an ice dragon
    16 | D:1      | Noticed an iron dragon
    16 | D:1      | Noticed an iron dragon
    16 | D:1      | Noticed a tentacled monstrosity
    18 | D:1      | Noticed a tentacled monstrosity
    18 | D:1      | Noticed a shadow dragon
    19 | D:1      | Noticed an iron dragon
   401 | D:1      | Reached XP level 2. HP: 12/15 MP: 6/8
   405 | D:1      | Learned a level 2 spell: Call Imp
  1030 | D:2      | Reached XP level 3. HP: 15/19 MP: 12/12
  1035 | D:2      | Learned a level 3 spell: Call Canine Familiar
  1687 | D:2      | Reached skill level 5 in Summonings
  2097 | D:2      | Slain by an adder

Action                   || total
-------------------------++-------
Melee: Dagger            ||    67
 Cast: Summon Small Mamm ||    12
       Call Imp          ||     3
       Call Canine Famil ||     3
 Stab: Sleeping          ||     2
  Eat: Chunk             ||     2
       Meat ration       ||     1
